 Dungeon Crawl Stone Soup version 0.13.0-17-g5f0e85f (webtiles) character file.

599 Kejsarherre the Fighter (level 6, -1/62 HPs)
             Began as an Ogre Wanderer on Oct 21, 2013.
             Slain by an ogre
             ... wielding a +0,+0 giant club
              (5 damage)
             ... on Level 5 of the Dungeon.
             The game lasted 00:06:24 (3407 turns).

Kejsarherre the Fighter (Ogre Wanderer)             Turns: 3407, Time: 00:06:24

HP  -1/62        AC  7     Str 20      XL: 6   Next: 67%
MP   8/8         EV  9     Int 11      God:
Gold 236         SH  0     Dex  9      Spells:  0 memorised,  5 levels left

Res.Fire  : . . .   See Invis. : +   p - +1,+0 whip (elec)
Res.Cold  : . . .   Warding    : .   q - +2 robe {MR+}
Life Prot.: . . .   Conserve   : .   (shield restricted)
Res.Poison: .       Res.Corr.  : .   (helmet restricted)
Res.Elec. : .       Clarity    : +   z - +1 cloak
Sust.Abil.: . .     Spirit.Shd : .   (gloves unavailable)
Res.Mut.  : .       Stasis     : .   (boots unavailable)
Res.Rott. : .       Flight     : .   n - amulet of clarity
Saprovore : + . .                    F - ring of see invisible
                                     C - ring of protection from magic

@: very resistant to hostile enchantments, very unstealthy
A: unfitting armour, fast metabolism 1, saprovore 1, tough skin 1
a: no special abilities


You were on level 5 of the Dungeon.
You were hungry.

You visited 1 branch of the dungeon, and saw 5 of its levels.

You collected 204 gold pieces.
You spent 18 gold pieces at shops.

Inventory:

Hand weapons
 c - a +0,+0 mace
 k - a +0,+0 mace
 p - a +1,+0 whip of electrocution (weapon)
Missiles
 e - 39 arrows
Armour
 q - a +2 robe of magic resistance (worn)
 z - a +1 cloak (worn)
Magical devices
 v - a wand of slowing (5)
Comestibles
 f - 4 meat rations
 h - 2 bread rations
 B - a lychee
Scrolls
 b - 3 scrolls of remove curse {unknown}
 g - a scroll of enchant weapon II {unknown}
 i - a scroll of amnesia {unknown}
 j - 2 scrolls of enchant weapon I {unknown}
 l - a scroll of teleportation
 u - 2 scrolls of fog {unknown}
 w - a scroll of recharging {unknown}
 x - a scroll of random uselessness {unknown}
 y - a scroll of curse weapon {unknown}
Jewellery
 n - an amulet of clarity (around neck)
 o - an uncursed ring of protection from fire {unknown}
 r - an uncursed ring of poison resistance {unknown}
 C - a ring of protection from magic (left hand)
 F - a ring of see invisible (right hand)
Potions
 s - 2 potions of curing {unknown}
 A - a potion of poison {unknown}
 D - a potion of speed {unknown}
 E - a potion of flight {unknown}
Books
 a - a book of Flames

   Spells                             Type                      Level
   Flame Tongue                       Conjuration/Fire             1
   Throw Flame                        Conjuration/Fire             2
   Conjure Flame                      Conjuration/Fire             3
   Inner Flame                        Hexes/Fire                   3
   Sticky Flame                       Conjuration/Fire             4
   Fireball                           Conjuration/Fire             5


   Skills:
 + Level 9.0 Fighting
 * Level 4.8 Maces & Flails
   Level 1.0 Fire Magic
   Level 1.3 Poison Magic
   Level 1.0 Invocations
 - Level 1.0 Evocations


You had 5 spell levels left.
You didn't know any spells.

Dungeon Overview and Level Annotations

Branches:
Dungeon (5/27)
 Temple: D:4-7

Altars:
Trog

Shops:
D:4 [


Innate Abilities, Weirdness & Mutations

You are too large for most types of armour.
You have a fast metabolism.
You can tolerate rotten meat.
You have tough skin (AC +1).


Message History

The ogre is severely wounded.
The ogre hits you with a giant club!
You barely miss the ogre.
The ogre is severely wounded.
The ogre misses you.
You hit the ogre.
The ogre is almost dead.
You hit the ogre.
The ogre is almost dead.
The ogre barely misses you.
You barely miss the ogre.
The ogre is almost dead.
You hit the ogre.
The ogre is almost dead.
The ogre hits you with a giant club!
* * * LOW HITPOINT WARNING * * *
You hit the ogre but do no damage.
The ogre is almost dead.
The ogre hits you with a giant club.
You die...

##+######
#...!......
#...........
#..........).
#...........#
+...........#
#?...%%.....#
#....@O.....#
#####'####### #.#
##.# #..#
###.#######
###......(..# #
#...........# .+
+.#...>.....##..#


You could see an ogre.

Vanquished Creatures
  Sigmund (D:2)
  2 hounds
  2 scorpions (D:4)
  A worker ant (D:4)
  An ogre skeleton (D:4)
  Terence (D:2)
  4 adders
  A worm (D:3)
  A giant gecko (D:3)
  An ooze (D:3)
  3 orcs
  A ball python (D:3)
  4 giant cockroaches
  11 goblins
  11 hobgoblins
  4 jackals (D:5)
  A quokka (D:2)
  9 bats
  4 giant newts
  9 kobolds
  A kobold skeleton (D:4)
  14 rats
87 creatures vanquished.

Notes
Turn   | Place    | Note
--------------------------------------------------------------
     0 | D:1      | Kejsarherre, the Ogre Wanderer, began the quest for the Orb.
     0 | D:1      | Reached XP level 1. HP: 18/18 MP: 2/2
   214 | D:1      | Reached XP level 2. HP: 22/27 MP: 3/3
   350 | D:1      | Reached skill level 6 in Fighting
   993 | D:2      | Reached XP level 3. HP: 18/35 MP: 4/4
  1012 | D:2      | Noticed Sigmund
  1408 | D:2      | Killed Sigmund
  1408 | D:2      | Reached skill level 7 in Fighting
  1408 | D:2      | Reached XP level 4. HP: 28/44 MP: 5/5
  1446 | D:2      | Noticed Terence
  1525 | D:1      | Reached XP level 5. HP: 37/52 MP: 6/6
  1614 | D:2      | Killed Terence
  1663 | D:2      | Found a bloodstained altar of Trog.
  2144 | D:3      | Reached skill level 8 in Fighting
  2729 | D:4      | Reached XP level 6. HP: 62/62 MP: 8/8
  2856 | D:4      | Found a bloodstained altar of Trog.
  3153 | D:4      | Found Kiawuun's Armour Shop.
  3168 | D:4      | Bought a +0 cloak for 18 gold pieces
  3287 | D:4      | Reached skill level 9 in Fighting
  3340 | D:5      | Entered Level 5 of the Dungeon
  3407 | D:5      | Slain by an ogre

Action                   |  1- 3 |  4- 6 || total
-------------------------+-------+-------++-------
Melee: Mace              |   101 |       ||   101
       Whip              |     7 |   212 ||   219
Evoke: Wand              |       |     1 ||     1
  Use: Potion            |     1 |       ||     1
       Scroll            |       |     7 ||     7
 Stab: Distracted        |       |     1 ||     1
